 Dungeon Crawl Stone Soup version 0.29-a0-337-g68df138881 (webtiles) character file.

Game seed: 15232369303859271936

77 zishaf the Magician (level 4, -6/34 HPs)
             Began as a Djinni Venom Mage on Apr 16, 2022.
             Was an Initiate of Gozag.
             Mangled by Crazy Yiuf
             ... wielding a +4 quarterstaff of chaos
              (9 damage)
             ... on level 2 of the Dungeon.
             The game lasted 00:02:56 (1378 turns).

zishaf the Magician (Djinni Venom Mage)             Turns: 1378, Time: 00:02:57

Health: -6/34      AC:  3    Str:  7    XL:     4   Next: 60%
Gold:   189        EV: 12    Int: 19    God:    Gozag SH:  0 Dex: 15

rFire   + + .      SeeInvis .   j - +0 short sword (venom)
rCold   x . .      Faith    .   (no shield)
rNeg    . . .      Spirit   .   a - +1 robe
rPois   ∞          Reflect  .   (no helmet)
rElec   .          Harm     .   (no cloak)
rCorr   .          Rampage  .   (no gloves)
Will    .....      Clarity  +   (boots unavailable)
Stlth   ++........              (no amulet)
HPRegen 0.11/turn               (no ring)
MPRegen 0.00/turn               (no ring)

@: flying
A: sickness immunity, fire resistance 2, cold vulnerability 1, float, innate
caster, HP casting, extra vitality 1, agile 1, clarity, sense surroundings 1
a: Renounce Religion, Potion Petition, Call Merchant, Bribe Branch


You were on level 2 of the Dungeon.
You worshipped Gozag.
Gozag was aware of your devotion.
You visited 1 branch of the dungeon, and saw 2 of its levels.

You collected 189 gold pieces.

Inventory:

Hand Weapons
 b - a +0 short sword
 j - a +0 short sword of venom (weapon)
Missiles
 c - a throwing net
 k - 5 curare-tipped darts
Armour
 a - a +1 robe (worn)
Jewellery
 g - a +6 ring of strength
Scrolls
 e - a scroll of identify
 i - a scroll of enchant weapon {unknown}
Potions
 d - a potion of attraction {unknown}
 f - a potion of curing {unknown}
 h - 2 potions of cancellation {unknown}


   Skills:
 + Level 2.6 Fighting
 - Level 2.1 Dodging
 - Level 1.5 Stealth
 + Level 3.2 Spellcasting


You couldn't memorise any spells.
You knew the following spells:

 Your Spells              Type           Power      Damage    Failure   Level
a - Sting                 Tmut/Pois      60%        1d6       4%          1
b - Poisonous Vapours     Pois/Air       30%        N/A       6%          2
c - Mephitic Cloud        Conj/Pois/Air  15%        N/A       12%         3
d - Olgreb's Toxic Radia  Pois           15%        N/A       36%         4
e - Animate Skeleton      Necr           30%        N/A       4%          1
Your spell library was empty.

Dungeon Overview and Level Annotations

Branches:
Dungeon (2/15)

Altars:
Gozag

Shops:
D:2 *

Annotations:
D:2 Crazy Yiuf


Innate Abilities, Weirdness & Mutations

You are immune to sickness and miasma.
You are immune to poison.
Your flesh is very heat resistant. (rF++)
You are vulnerable to cold. (rC-)
You float through the air rather than walking.
You learn spells naturally, not from books.
Your magical power is your life essence.
You have superior vitality. (+4 MHP)
You are agile. (Dex +2)
You possess an exceptional clarity of mind.
You passively map a small area around you.


Message History

Aiming: Poisonous Vapours (safe; 6% risk of failure)
Press: ? - help, Dir - move target, f/p - Crazy Yiuf
Aim: Crazy Yiuf, wielding a +4 quarterstaff of chaos and wearing a +0 cloak (poisoned) Poisonous vapours surround Crazy Yiuf!
Crazy Yiuf looks even sicker.
Crazy Yiuf completely misses you.
Casting: Poisonous Vapours (safe; 6% risk of failure)
Confirm with . or Enter, or press ? or * to list all spells.
Aiming: Poisonous Vapours (safe; 6% risk of failure)
Press: ? - help, Dir - move target, f/p - Crazy Yiuf
Aim: Crazy Yiuf, wielding a +4 quarterstaff of chaos and wearing a +0 cloak (lightly wounded, very poisoned) Poisonous vapours surround Crazy Yiuf!
Crazy Yiuf looks even sicker.
Crazy Yiuf cries, "Whiteboard!
Goober green meccalolo."
Crazy Yiuf barely misses you. Crazy Yiuf attacks as you move away!
Crazy Yiuf barely misses you.
Crazy Yiuf yells, "Whiteboard ragdoll unthinkable!"
Crazy Yiuf attacks as you move away!
Crazy Yiuf hits you with a +4 quarterstaff of chaos!
You resist with some effort. Crazy Yiuf attacks as you move away!
Crazy Yiuf closely misses you. Crazy Yiuf attacks as you move away!
Crazy Yiuf closely misses you.
Casting: Poisonous Vapours (safe; 6% risk of failure)
Confirm with . or Enter, or press ? or * to list all spells.
Aiming: Poisonous Vapours (safe; 6% risk of failure)
Press: ? - help, Dir - move target, f/p - Crazy Yiuf
Aim: Crazy Yiuf, wielding a +4 quarterstaff of chaos and wearing a +0 cloak (heavily wounded, very poisoned) Poisonous vapours surround Crazy Yiuf!
Crazy Yiuf looks even sicker.
Crazy Yiuf twirls on the spot.
Crazy Yiuf closely misses you.
Casting: Poisonous Vapours (safe; 6% risk of failure)
Confirm with . or Enter, or press ? or * to list all spells.
Aiming: Poisonous Vapours (safe; 6% risk of failure)
Press: ? - help, Dir - move target, f/p - Crazy Yiuf
Aim: Crazy Yiuf, wielding a +4 quarterstaff of chaos and wearing a +0 cloak (heavily wounded, very poisoned) Poisonous vapours surround Crazy Yiuf!
Crazy Yiuf looks as sick as possible!
Crazy Yiuf hits you with a +4 quarterstaff of chaos!
* * * LOW HITPOINT WARNING * * *
Crazy Yiuf attacks as you move away!
Crazy Yiuf hits you with a +4 quarterstaff of chaos!
You die...
Your body crumbles into a pile of gold.

.....# .....# ..####
..# ..# ..# ### *
###### ### #)..###
##....##
#...'.####......#
#...##..#..g@...#
###**###.#....#.# ###
#######..# (.# #.##
..######## #######.#
##.......###...#...##
#(.......##.........##
#.###....#...........#
....#................#


You could see Crazy Yiuf (extremely poisoned).

Vanquished Creatures
  Jessica (D:2)
  2 adders (D:2)
  A worm (D:2)
  A dart slug (D:2)
  2 bats (D:1)
  2 endoplasms
  5 giant cockroaches
  2 goblins (D:2)
  4 hobgoblins
  A quokka (D:2)
  A ball python (D:2)
  2 kobolds
  4 rats
28 creatures vanquished.

Notes
Turn   | Place    | Note
-------+----------+-------------------------------------------
     0 | D:1      | zishaf the Djinni Venom Mage began the quest for the Orb.
     0 | D:1      | Reached XP level 1. HP: 15/15 MP: 0/0
   147 | D:1      | Found a faded altar of an unknown god.
   157 | D:1      | Reached XP level 2. HP: 18/22 MP: 0/0
   160 | D:1      | Reached skill level 1 in Fighting
   234 | D:1      | Prayed at the altar of an unknown god.
   234 | D:1      | Became a worshipper of Gozag Ym Sagoz the Greedy
   745 | D:2      | Gained mutation: You possess an exceptional clarity of
                  | mind. [potion of mutation]
   745 | D:2      | Gained mutation: You passively map a small area around you.
                  | [potion of mutation]
   745 | D:2      | Gained mutation: You are agile. (Dex +2) [potion of
                  | mutation]
   792 | D:2      | Reached XP level 3. HP: 23/28 MP: 0/0
   792 | D:2      | Learned a level 1 spell: Animate Skeleton
   939 | D:2      | Noticed Jessica
   948 | D:2      | Killed Jessica
   949 | D:2      | Reached skill level 3 in Spellcasting
   949 | D:2      | Reached XP level 4. HP: 23/34 MP: 0/0
  1143 | D:2      | Found Vefij's Assorted Antiques.
  1361 | D:2      | Found a runed translucent door.
  1362 | D:2      | Noticed Crazy Yiuf
  1378 | D:2      | Mangled by Crazy Yiuf

Illustrated notes

Levels and vault maps discovered:
D:1:      dpeg_arrival_solitude, layout_rooms,
          chequers_ecumenical_altar_simple_redux, chequers_avenue
D:2:      layout_rooms, serial_shops, nicolae_shop_hallway_plus, uniq_jessica,
          uniq_crazy_yiuf_cottage

Skill      XL: |  1  2  3 |
---------------+----------+-----
Fighting       | 1 2 |  2.6
Spellcasting   | 3 |  3.2
Dodging        | |  2.1
Stealth        | |  1.5

Action                   |  1- 3 |  4- 6 || total
-------------------------+-------+-------++-------
Melee: Short sword       |    17 |     4 ||    21
       Unarmed           |     1 |       ||     1
 Cast: Sting             |    36 |     9 ||    45
       Poisonous Vapours |       |     5 ||     5
  Use: Scroll            |     3 |       ||     3
       Potion            |     1 |       ||     1
Armor: Robe              |     6 |     1 ||     7
Dodge: Dodged            |    26 |     9 ||    35

Table legend: (Time is in decaauts)
 A = Elapsed time spent in this place.
 B = Non-inter-level travel time spent in this place.
 C = Inter-level travel time spent in this place.
 D = Time resting spent in this place.
 E = Time spent auto-exploring this place.
 F = Levels seen in this place.
 G = Mean time per level.
                   A        B        C        D        E       F      G
               +--------+--------+--------+--------+--------+-----+--------+
         Total |   1378 |   1349 |     29 |      0 |   1090 |   2 |  689.0 |
       Dungeon |   1378 |   1349 |     29 |      0 |   1090 |   2 |  689.0 |
               +--------+--------+--------+--------+--------+-----+--------+

Top non-repeatable levels by time:
     D:2: 736 daAuts
     D:1: 642 daAuts
